 Dungeon Crawl Stone Soup version 0.31-a0-774-g0d66cbabe8 (webtiles) character file.

Game seed: 10253396357268836606

2651 Getoffmy the Spear-Bearer (level 9, 0/72 HPs)
             Began as a Merfolk Gladiator on Sept 18, 2023.
             Was a Follower of Wu Jian.
             Slain by Amaemon
             ... wielding a +0 demon whip of venom
              (4 damage)
             ... on level 8 of the Dungeon.
             The game lasted 00:11:12 (7003 turns).

Getoffmy the Spear-Bearer (Merfolk Gladiator)       Turns: 7003, Time: 00:11:14

Health: 0/72       AC: 18    Str: 18    XL:     9   Next: 62%
Magic:  9/9        EV: 12    Int:  7    God:    Wu Jian [*.....]
Gold:   104        SH:  0    Dex: 16    Spells: 8/8 levels left

rFire   . . .        o - +2 halberd (protect)
rCold   . . .        (shield currently unavailable)
rNeg    . . .        s - +1 scale mail {rPois}
rPois   +            c - +0 helmet
rElec   .            (no cloak)
rCorr   .            p - +0 pair of gloves
SInv    .            (no boots)
Will    +....        (no amulet) Stlth
                     f - ring of willpower
HPRegen 0.32/turn    t - +4 ring of slaying
MPRegen 0.11/turn

%: no passive effects
@: mighty, lethally poisoned (0 -> -11), under a protective aura
A: (nimble swimmer 2), mertail
a: Renounce Religion


You were on level 8 of the Dungeon.
You worshipped Wu Jian.
Wu Jian was aware of your devotion.
You visited 2 branches of the dungeon, and saw 9 of its levels.

You collected 457 gold pieces.
You spent 353 gold pieces at shops.

Inventory:

Hand Weapons
 a - a +1 trident
 b - a +0 dagger of electrocution
 o - a +2 halberd of protection (weapon)
Missiles
 d - 3 throwing nets (quivered)
 e - a javelin
 k - 64 stones
 u - 13 poisoned darts
Armour
 c - a +0 helmet (worn)
 p - a +0 pair of gloves (worn)
 q - a +0 kite shield
 s - a +1 scale mail of poison resistance (worn)
Jewellery
 f - a ring of willpower (left hand)
 h - a ring of magical power
 t - a +4 ring of slaying (right hand)
 z - a ring of poison resistance
 C - a ring of magical power
Wands
 F - a wand of iceblast (17)
Scrolls
 j - a scroll of amnesia
 l - 5 scrolls of teleportation
 m - 2 scrolls of revelation
 n - 2 scrolls of poison {unknown}
 w - 3 scrolls of enchant weapon
 x - 5 scrolls of identify
 y - a scroll of silence {unknown}
 A - a scroll of torment {unknown}
 D - a scroll of enchant armour {unknown}
 E - a scroll of fog
Potions
 g - 3 potions of degeneration
 i - a potion of lignification
 r - 2 potions of attraction
 v - 2 potions of enlightenment


   Skills:
 + Level 7.4 Fighting
 + Level 9.4 Polearms
 - Level 2.0 Throwing
 * Level 6.5 Armour
 - Level 4.7 Dodging


You had 8 spell levels left.
You didn't know any spells.
Your spell library was empty.

Dungeon Overview and Level Annotations

Branches:
Dungeon (8/15)             Temple (1/1) D:7
   Lair: D:8-11

Altars:
Ashenzari
Cheibriados
Dithmenos
Fedhas
Gozag
Hepliaklqana
Makhleb
Nemelex Xobeh
Okawaru
Qazlal
Sif Muna
Trog
Uskayaw
Vehumet
Wu Jian
Xom
Yredelemnul
Zin
The Shining One

Shops:
D:5 [   D:6 (   D:7 ?

Annotations:
D:8 Amaemon


Innate Abilities, Weirdness & Mutations

((You are very nimble when in or above water. (Stealth+, EV+, Speed+++)))
Your lower body shifts to a powerful aquatic tail in water.


Message History

Amaemon is severely wounded.
You feel sick.
Amaemon gestures at the orange demon while chanting.
The orange demon seems to grow toxic.
The orange demon misses you.
The scorpion stings you but does no damage.
You closely miss Amaemon.
Amaemon is severely wounded.
You feel sick. Amaemon hits you but does no damage. Amaemon barely misses you.
Amaemon completely misses you.
The orange demon stings you but does no damage.
The scorpion closely misses you.
You barely miss Amaemon.
Amaemon is severely wounded.
You feel sick. Amaemon closely misses you. x3
The orange demon stings you but does no damage.
The scorpion completely misses you.
Unknown command.
You closely miss Amaemon.
Amaemon is severely wounded.
You feel sick.
Amaemon casts a spell.
The scorpion stings you but does no damage.
The orange demon barely misses you.
You closely miss Amaemon.
Amaemon is severely wounded.
You feel sick. The scorpion closely misses you.
Amaemon hits you with a +0 demon whip of venom!
* * * LOW HITPOINT WARNING * * *
Amaemon claws you but does no damage. Amaemon misses you.
The orange demon completely misses you. The scorpion stings you.
* * * LOW HITPOINT WARNING * * *
You are lethally poisoned!
The scorpion poisons you!
You puncture Amaemon!
Your weapon exudes an aura of protection.
Amaemon is almost dead.
* * * LOW HITPOINT WARNING * * *
You feel very sick. Amaemon barely misses you. Amaemon claws you.
You die...

... .. .. ## ##. .. #...
# #...# # #...4#####
....####### #..ss6@s.###
#.....).. #..s####...#
#########. #..
###.###.........
###########.............
...............#########
########..####...# #.
####.## ###.#### #.
######....# #....###.
#......#### ####.....


You could see Amaemon, an orange demon (curare) and 4 scorpions.

Vanquished Creatures
  2 steam dragons
  A black bear (D:6)
  2 orc warriors (D:8)
  A sky beast (D:6)
  An ice beast (D:7)
  2 ogres
  A centaur (D:5)
  4 scorpions (D:5)
  3 bullfrogs
  7 wights
  A howler monkey (D:4)
  2 hounds
  5 orc priests
  A gnoll bouda (D:5)
  Crazy Yiuf (D:6)
  11 orc wizards
  4 iguanas
  5 gnolls
  3 adders
  A white imp (D:8)
  2 ufetubi
  4 worms
  2 dart slugs
  24 orcs
  7 ball pythons
  8 bats
  3 endoplasms
  4 giant cockroaches (D:1)
  5 goblins
  5 hobgoblins
  6 jackals (D:4)
  5 quokkas
  5 frilled lizards
  4 kobolds
  5 rats
147 creatures vanquished.

Notes
Turn   | Place    | Note
-------+----------+-------------------------------------------
     0 | D:1      | Getoffmy the Merfolk Gladiator began the quest for the Orb.
     0 | D:1      | Reached XP level 1. HP: 16/16 MP: 1/1
   214 | D:1      | Reached XP level 2. HP: 22/23 MP: 2/2
   696 | D:1      | Reached XP level 3. HP: 28/28 MP: 3/3
  1130 | D:2      | Found a snail-covered altar of Cheibriados.
  1518 | D:3      | Reached XP level 4. HP: 35/35 MP: 4/4
  1746 | D:3      | Reached skill level 5 in Polearms
  2222 | D:4      | Reached skill level 1 in Armour
  2236 | D:4      | Reached XP level 5. HP: 41/41 MP: 5/5
  2778 | D:5      | Entered Level 5 of the Dungeon
  2778 | D:5      | Noticed a centaur
  2778 | D:5      | Found Ackegg's Armour Boutique.
  2785 | D:5      | Killed a centaur
  2786 | D:5      | Reached XP level 6. HP: 48/48 MP: 6/6
  2797 | D:5      | Bought a +1 scale mail of poison resistance for 169 gold
                  | pieces
  2926 | D:5      | Reached skill level 6 in Polearms
  3182 | D:5      | Reached XP level 7. HP: 51/55 MP: 7/7
  3724 | D:6      | Found Killygia's Weapon Emporium.
  3725 | D:6      | Noticed a steam dragon
  3854 | D:6      | Reached skill level 5 in Fighting
  3917 | D:6      | Killed a steam dragon
  3918 | D:6      | Reached skill level 7 in Polearms
  3918 | D:6      | Reached XP level 8. HP: 48/63 MP: 8/8
  4266 | D:6      | Found an ornate altar of the Wu Jian Council.
  4368 | D:6      | Became a worshipper of the Wu Jian Council
  4555 | D:6      | Reached skill level 8 in Polearms
  4555 | D:6      | Reached skill level 5 in Armour
  4761 | D:6      | Found a runed translucent door.
  4762 | D:6      | Noticed Crazy Yiuf
  5080 | D:6      | Killed Crazy Yiuf
  5160 | D:7      | Reached XP level 9. HP: 45/71 MP: 9/9
  5601 | D:7      | Found Abogime's Magic Scroll Boutique.
  5611 | D:7      | Bought a scroll of revelation for 120 gold pieces
  5611 | D:7      | Bought a scroll of identify for 32 gold pieces
  5611 | D:7      | Bought a scroll of identify for 32 gold pieces
  5827 | D:7      | Identified the +0 falchion "Kiploip" {freeze, SInv}
  5847 | D:7      | Found a staircase to the Ecumenical Temple.
  6221 | Temple   | Entered the Ecumenical Temple
  6302 | D:8      | Reached skill level 9 in Polearms
  6718 | D:8      | Reached * piety under Wu Jian
  6907 | D:8      | Found a glowing silver altar of Zin.
  6981 | D:8      | Noticed an orange demon
  6982 | D:8      | Noticed Amaemon
  7003 | D:8      | Slain by Amaemon

Illustrated notes

Levels and vault maps discovered:
D:1:      dpeg_arrival_line_fractal, layout_basic
D:2:      layout_rooms, basic_altar
D:3:      layout_basic, kennysheep_nub, kennysheep_generic_room_15
D:4:      layout_cave_pools, serial_rivers, chequers_serial_rivers_micro_c,
          chequers_serial_rivers_micro_c, chequers_serial_rivers_micro_e,
          chequers_serial_rivers_large_a
D:5:      layout_basic, serial_shops, nicolae_stop_n_shop_1, nrook_pool_corridor
D:6:      layout_basic, nicolae_wu_jian_wuxing_cycle, nicolae_stop_n_shop_1,
          uniq_crazy_yiuf_cottage
D:7:      layout_basic, minmay_temple_entry_proselytizer, serial_shops,
          nicolae_shop_crystal
D:8:      layout_rooms, kennysheep_mini, uniq_amaemon
Temple:   nicolae_temple_slightly_damp_pantheon

Skill      XL: |  1  2  3  4  5  6  7  8  9 |
---------------+----------------------------+-----
Fighting       | 3 4 5 6 7 |  7.4
Polearms       | 5 6 7 8 9 |  9.4
Armour         | 1 2 3 4 5 6 |  6.5
Throwing       | |  2.0
Dodging        | |  4.7

Action                     |  1- 3 |  4- 6 |  7- 9 || total
---------------------------+-------+-------+-------++-------
  Melee: Trident           |   115 |   123 |    45 ||   283
         Halberd           |       |       |   194 ||   194
  Evoke: Wand              |       |       |     1 ||     1
    Use: Scroll            |       |     9 |       ||     9
         Potion            |       |       |     4 ||     4
   Stab: Sleeping          |     4 |       |       ||     4
 Armour: Leather armour    |    21 |       |       ||    21
         Ring mail         |    13 |    47 |       ||    60
         Scale mail        |       |    17 |   176 ||   193
  Dodge: Dodged            |    48 |    54 |   121 ||   223
  Block: Kite shield       |       |    40 |    18 ||    58

Table legend: (Time is in decaauts)
 A = Elapsed time spent in this place.
 B = Non-inter-level travel time spent in this place.
 C = Inter-level travel time spent in this place.
 D = Time resting spent in this place.
 E = Time spent auto-exploring this place.
 F = Levels seen in this place.
 G = Mean time per level.
                   A        B        C        D        E       F      G
               +--------+--------+--------+--------+--------+-----+--------+
         Total |   7037 |   6738 |    299 |   1042 |   4594 |   9 |  781.9 |
       Dungeon |   7036 |   6737 |    299 |   1042 |   4594 |   8 |  879.5 |
        Temple |      1 |      1 |      0 |      0 |      0 |   1 |    1.0 |
               +--------+--------+--------+--------+--------+-----+--------+

Top non-repeatable levels by time:
     D:6: 1294 daAuts
     D:7: 1126 daAuts
     D:5: 1056 daAuts
     D:1: 990 daAuts
     D:8: 762 daAuts
     D:3: 743 daAuts
     D:4: 589 daAuts
     D:2: 472 daAuts
  Temple: 1 daAuts
